 Dungeon Crawl Stone Soup version 0.31-a0-1074-g0b22e4e0f1 (webtiles) character file.

Game seed: 17527197342671940146

1843856 RBrandon the Bringer of Life (level 27, 222/222 HPs)
             Began as a Djinni Hedge Wizard on Nov 25, 2023.
             Was the Champion of Elyvilon.
             Escaped with the Orb
             ... and 3 runes on Nov 26, 2023!
             The game lasted 02:57:59 (55650 turns).

RBrandon the Bringer of Life (Djinni Hedge Wizard) Turns: 55650, Time: 02:58:00

Health: 222/222    AC: 16    Str:  9    XL:     27
Gold:   7561       EV: 21    Int: 42    God:    Elyvilon [******] SH: 24 Dex: 17

rFire   + + +        P - staff "Wohuhiz" {rF+ Int+4 Fire}
rCold   x . .        d - +4 kite shield {rC+}
rNeg    . . .        U - +3 troll leather armour
rPois   ∞            c - +1 helmet
rElec   +            M - +2 cloak {Will+}
rCorr   +            e - +2 pair of gloves
SInv    .            (boots unavailable)
Will    ++++.        W - amulet of Xasofoaz {Reflect Contam +Inv Int+6 SH+5}
Stlth   +            m - ring of fire
HPRegen 1.37/turn    a - ring "Teczis" {rCorr AC+4 Int+6 Slay-2}
MPRegen 0.00/turn

%: reflection
@: calling dragons, flying, studying 3 skills
A: sickness immunity, fire resistance 2, cold vulnerability 1, float, innate
caster, HP casting, extra vitality 1, deformed body, deterioration 1,
strong-willed 1, robust 1, electricity resistance, evolution 1
0: Orb of Zot
}: 3/15 runes: decaying, serpentine, silver
a: Renounce Religion, Evoke Invisibility, Purification, Heal Other, Heal Self,
Divine Vigour


You escaped.
You worshipped Elyvilon.
Elyvilon was exalted by your worship.
You visited 10 branches of the dungeon, and saw 48 of its levels.
You also visited: Gauntlet, Ice Cave and Desolation.

You collected 10326 gold pieces.
You spent 2765 gold pieces at shops.

Inventory:

Hand Weapons
 k - a +3 great sword of freezing
   (You took it off a wight on level 6 of the Dungeon)
Armour
 c - a +1 helmet (worn)
 d - a +4 kite shield of cold resistance (worn)
   (You bought it in a shop on level 1 of the Vaults)
 e - a +2 pair of gloves (worn)
 L - the +2 robe of Qoukuqa {-Tele rElec Int+3 Stlth+}
   (You bought it in a shop on level 1 of the Vaults)

   Int+3:     It affects your intelligence (+3).
   rElec:     It insulates you from electricity.
   -Tele:     It prevents most forms of teleportation.
   Stlth+:    It makes you more stealthy.
 M - a +2 cloak of willpower (worn)
   (You took it off Crazy Yiuf on level 6 of the Dungeon)
 R - a +2 tower shield of cold resistance
   (You found it in an ice cave)
 U - a +3 troll leather armour (worn)
Magical Staves
 O - a staff of conjuration
 P - the staff "Wohuhiz" (weapon) {rF+ Int+4 Fire}
   (You found it on level 3 of the Elven Halls)

   [staff of fire]

   Base accuracy: +5 Base damage: 5 Base attack delay: 1.2 This weapon's minimum
   attack delay (0.6) is reached at skill level 12.
   Int+4:     It affects your intelligence (+4).
   rF+:       It protects you from fire.
   Fire:      It increases the power of your Fire spells.
   It falls into the 'Staves' category.
   It is a one-handed weapon.
 Z - a staff of air
Jewellery
 a - the ring "Teczis" (right hand) {rCorr AC+4 Int+6 Slay-2}
   (You found it in the Desolation of Salt)

   [ring of protection]

   AC+4:      It affects your AC (+4).
   Int+6:     It affects your intelligence (+6).
   Slay-2:    It affects your accuracy & damage with ranged weapons and melee
   (-2).
   rCorr:     It protects you from acid and corrosion.
 m - a ring of fire (left hand)
 n - the ring "Elitah" {Ice rPois MP+9 Int+4}
   (You took it off a ragged hierophant in the Desolation of Salt)

   [ring of ice]

   Ice:       It enhances your ice magic.
   Int+4:     It affects your intelligence (+4).
   rF-:       It makes you vulnerable to fire.
   rC+:       It protects you from cold.
   rPois:     It protects you from poison MP+9: It affects your magic capacity
   (+9).
 x - a ring of ice
 I - a ring of fire
 N - the ring of Cocaimoc {Fly rElec Will++}
   (You found it on level 4 of the Lair of Beasts)

   [ring of flight]

   rElec:     It insulates you from electricity.
   Will++:    It greatly increases your willpower.
   Fly:       It grants you flight.
 T - a ring of see invisible
 W - the amulet of Xasofoaz (around neck) {Reflect Contam +Inv Int+6 SH+5}
   (You took it off a deep elf death mage on level 3 of the Elven Halls)

   [amulet of reflection]

   Reflect:   It reflects blocked missile attacks.
   Int+6:     It affects your intelligence (+6).
   +Inv:      It lets you turn invisible.
   Contam:    It causes magical contamination when unequipped.
   SH+5:      It affects your SH (+5).
Wands
 g - a wand of polymorph (38)
 h - a wand of paralysis (32)
 v - a wand of acid (74)
 w - a wand of mindburst (55)
 A - a wand of digging (30)
 K - a wand of iceblast (60)
Scrolls
 b - 9 scrolls of blinking
 i - 4 scrolls of summoning
 o - 9 scrolls of enchant weapon
 p - 23 scrolls of teleportation
 q - a scroll of revelation
 y - 11 scrolls of noise
 J - 9 scrolls of fear
 S - 3 scrolls of brand weapon
 X - 3 scrolls of poison
 Y - 4 scrolls of fog
Potions
 f - 9 potions of haste
 j - 5 potions of ambrosia
 l - 20 potions of curing
 r - 4 potions of invisibility
 t - 18 potions of heal wounds
 u - 7 potions of enlightenment
 z - 2 potions of mutation
 B - 4 potions of cancellation
 C - 10 potions of lignification
 D - 5 potions of might
 E - 5 potions of resistance
 F - 5 potions of brilliance
 G - a potion of berserk rage
 H - 3 potions of attraction
Miscellaneous
 s - a box of beasts
 Q - a tin of tremorstones (2/2)
 V - a phantom mirror


   Skills:
 - Level 19.0 Fighting
 - Level 18.0 Dodging
 - Level 1.5 Stealth
 - Level 17.0 Shields
 - Level 19.0 Spellcasting
 - Level 23.1 Conjurations
 - Level 19.0 Hexes
 - Level 19.0 Summonings
 - Level 19.0 Necromancy
 - Level 22.1 Translocations
 - Level 19.0 Transmutations
 - Level 19.0 Fire Magic
 - Level 19.0 Ice Magic
 - Level 19.0 Air Magic
 - Level 19.0 Earth Magic
 - Level 19.0 Poison Magic
 + Level 26.7 Invocations
 - Level 9.0 Evocations
 - Level 4.1 Shapeshifting


You knew the following spells:

 Your Spells              Type           Power      Damage    Failure   Level
a - Plasma Beam           Fire/Air       82%        2x1d100   1%          6
b - Fireball              Conj/Fire      85%        3d31      0%          5
c - Blink                 Tloc           100%       N/A       0%          2
d - Call Imp              Summ           100%       N/A       0%          2
e - Mephitic Cloud        Conj/Pois/Air  100%       N/A       0%          3
f - Shock                 Conj/Air       100%       1d9       0%          1
g - Searing Ray           Conj           100%       2d8       0%          2
h - Ignite Poison         Fire/Tmut/Pois 100%       N/A       0%          3
i - Dispel Undead         Necr           100%       3d31      0%          4
j - Magic Dart            Conj           100%       1d8       0%          1
k - Arcjolt               Conj/Air       60%        1d70      0%          5
l - Slow                  Hex            100%       N/A       0%          1
m - Ozocubu's Refrigerat  Ice            57%        4d20      1%          7
n - Death Channel         Necr           57%        N/A       1%          6
o - Lehudib's Crystal Sp  Conj/Erth      60%        10d14     1%          8
p - Enfeeble              Hex            57%        N/A       1%          7
q - Chain Lightning       Conj/Air       60%        3d80      30%         9
r - Dragon's Call         Summ           57%        N/A       56%         9
Your spell library was empty.

Dungeon Overview and Level Annotations

Branches:
Dungeon (15/15)            Temple (1/1) D:6            Lair (5/5) D:9
  Swamp (4/4) Lair:3        Snake (4/4) Lair:2        Slime (0/5) Lair:4
    Orc (2/2) D:11            Elf (3/3) Orc:2        Vaults (5/5) D:13
  Crypt (0/3) Vaults:2     Depths (4/4) D:15            Zot (5/5) Depths:4
  IceCv (visited)         Desolation (visited)      Gauntlet (visited)

Altars:
Ashenzari
Cheibriados
Dithmenos
Elyvilon
Fedhas
Gozag
Hepliaklqana
Makhleb
Nemelex Xobeh
Okawaru
Qazlal
Ru
Trog
Uskayaw
Wu Jian
Xom
Yredelemnul
Zin
The Shining One
Jiyva

Shops:
D:11 *   D:13 *   Orc:2 [[(?*   Elf:1 [**:   Elf:3 !   Vaults:1 [
Vaults:5 ?!!?!   Depths:2 (

Portals:
Hell: Depths:1 Depths:2 Depths:3 Depths:4
Abyss: Depths:2 Depths:3
Pandemonium: Depths:2
Ziggurat: Depths:3

Annotations:
D:3 Ijyb
Lair:5 2 transporters, timneilson's ghost, journeyman OpSh
Elf:2 3 runed translucent doors
Zot:5 3 runed translucent doors, Giurur's ghost, veteran OgBe


Innate Abilities, Weirdness & Mutations

You are immune to sickness and miasma.
You are immune to poison.
Your flesh is very heat resistant. (rF++)
You are vulnerable to cold. (rC-)
You float through the air rather than walking.
You learn spells naturally, not from books.
Your magical power is your life essence.
You have superior vitality. (+4 MHP)
Armour fits poorly on your strangely shaped body.
Your body sometimes deteriorates upon taking damage.
You are strong-willed. (Will+)
You are robust. (+10% HP)
You are resistant to electric shocks. (rElec)
You have hidden genetic potential.


Message History

The balrug is shoved backwards!
The demonspawn blood saint barely misses your golden dragon.
The balrug hits your golden dragon with a +2 demon whip of electrocution!!
Your golden dragon is engulfed in flames!
Your golden dragon resists.
The balrug hits your golden dragon but does no damage.
Your iron dragon bites the demonspawn blood saint!
Your iron dragon closely misses the demonspawn blood saint.
Your iron dragon tramples the demonspawn blood saint!!
The demonspawn blood saint stumbles backwards!
The demonspawn blood saint hits your iron dragon with a +0 dagger!
Your iron dragon is engulfed in flames!
Your iron dragon resists.
Your golden dragon closely misses the balrug.
Your golden dragon barely misses the balrug. x2
A dragon arrives to answer your call! The balrug gestures at you.
Makhleb smites you!
Your iron dragon bites the balrug but does no damage.
Your iron dragon claws the balrug!
Your iron dragon barely misses the balrug.
Your golden dragon misses the demonspawn blood saint.
Your golden dragon claws the demonspawn blood saint!
Your golden dragon tramples the demonspawn blood saint!
The demonspawn blood saint holds its ground!
The demonspawn blood saint dies!
The balrug gestures at your iron dragon.
Your iron dragon is smitten.
Your iron dragon bites the balrug!
Your iron dragon claws the balrug!
The balrug dies!
You see here a +0 ring mail.
Things that are here:
a +0 dagger; a +0 robe You swap places.
Things that are here:
a +0 dagger; a +2 robe; a demonspawn corpse Your golden dragon disappears in a puff of smoke!
Your iron dragon disappears in a puff of smoke!
There is a staircase leading out of the dungeon here.
You have escaped!

###
#..)..##.##.............#
..#
#####..............####.#
..########.......≈......#
#.#
........##......≈≈§.....#
#.#
........##.......≈§§....#
#.#
#.......##..............#
#.#
#.......##...≈...≈>..≈..#
#.#
#.......##..§§§.≈≈≈.≈≈≈.#
#.#
#.......##..§§..@≈...≈..#
#.#
#.......##..§.§.........##
#.#
........#........≈.......#
#.#
.#...####.....(.≈≈≈.(....#
#.# .#...#
#.#......≈.......# #.#
[#...#
#.#..............###.#
.#...#
#.#############......#
.....# ##.# #.######
.#...# #.)# #...#


There were no monsters in sight!

Vanquished Creatures
  2 dread liches (Zot:5)
  6 orbs of fire (Zot:5)
  4 ancient liches
  A juggernaut (Depths:4)
  Boris (Depths:3)
  6 Killer Klowns
  Saint Roka (Depths:3)
  A curse toe (Zot:4)
  the Lernaean hydra (Swamp:4)
  3 caustic shrikes (Depths:4)
  Jory (Vaults:5)
  6 golden dragons
  Nikola (Swamp:1)
  3 doom hounds (Depths:2)
  A bone dragon (Depths:4)
  Jorgrun (D:15)
  2 electric golems (Zot:5)
  10 tentacled monstrosities
  An Ice Fiend (Depths:1)
  4 liches
  8 titans
  25 Orb Guardians (Zot:5)
  8 quicksilver dragons
  Asterion (Elf:3)
  A walking frostbound tome (Depths:3)
  Grunn (Depths:2)
  2 deep elf blademasters (Elf:3)
  2 deep elf master archers (Elf:3)
  8 death cobs
  5 sphinxes
  4 thorn hunters
  5 tengu reavers
  Aizul (Snake:1)
  2 fenstrider witches
  17 storm dragons
  6 shadow dragons
  Roxanne (Swamp:4)
  4 nagarajas (Snake:4)
  9 fire giants
  6 frost giants
  4 draconian monks
  4 draconian knights
  A revenant (Vaults:2)
  13 vault wardens
  2 iron dragons
  6 deep elf sorcerers
  2 balrugs (Depths:1)
  The ghost of mattiecakes the End of an Era, an adept GrFi of Qazlal (Swamp:1)
  3 draconian scorchers
  A ghost moth (Zot:5)
  2 draconian shifters
  2 angels (Vaults:1)
  A ghoul (Swamp:1)
  8 deep elf elementalists (Elf:3)
  18 ironbound preservers
  5 draconian annihilators
  3 imperial myrmidons (Desolation)
  3 orc warlords
  Louise (Elf:3)
  A draconian stormcaller (Zot:4)
  11 stone giants
  3 reapers (IceCv)
  A nameless horror (Zot:5)
  5 war gargoyles (Vaults:5)
  12 very ugly things
  6 ironbound thunderhulks
  2 formless jellyfish
  2 vampire knights
  12 green draconians
  8 black draconians
  5 eleionomae
  12 dire elephants
  2 halazid warlocks (Desolation)
  6 deep elf demonologists
  2 minotaurs (D:11)
  11 red draconians
  8 bunyips
  4 purple draconians
  16 white draconians
  5 deep elf annihilators
  4 yellow draconians
  12 spark wasps
  A merfolk impaler (Depths:2)
  9 deep elf death magi
  6 ettins
  2 blizzard demons
  A green death (D:13)
  A merfolk javelineer (Depths:3)
  5 fire dragons
  17 yaktaur captains
  2 shambling mangroves (Swamp:3)
  8 ragged hierophants (Desolation)
  9 great orbs of eyes
  6 deep elf high priests
  Fannar (Orc:1)
  Erolcha (D:11)
  7 ice dragons
  33 vault guards
  3 rakshasas
  A salamander tyrant (Snake:2)
  8 servants of whispers (Desolation)
  3 ogre magi (Vaults:5)
  31 hydras
  3 spriggan air magi
  2 catoblepae
  A caustic shrike simulacrum (IceCv)
  6 peacekeepers (Desolation)
  9 centaur warriors
  8 ironbound frosthearts
  2 hell beasts (Depths:3)
  10 ghost crabs
  5 two-headed ogres
  9 anacondas
  A death knight (D:14)
  9 alligators
  2 boulder beetles (Vaults:2)
  8 deep troll earth magi
  11 dancing weapons
  7 tengu warriors
  A vampire mage (Vaults:2)
  15 deep troll shamans
  8 naga warriors
  18 death yaks
  3 spriggan berserkers
  11 naga sharpshooters
  An orc high priest (Elf:3)
  An occultist (Depths:3)
  A sun demon (Zot:5)
  4 hell knights (Depths:3)
  3 shock serpents
  21 deep elf knights
  6 spriggans
  6 salamander mystics
  4 skeletal warriors (D:15)
  12 iron trolls
  8 goliath frogs
  2 spriggan druids (Swamp:1)
  A spriggan simulacrum (IceCv)
  2 deep trolls (shapeshifter)
  A glowing orange brain (Vaults:3)
  48 deep trolls
  A flayed ghost (Depths:3)
  9 bog bodies
  A naga ritualist (Snake:4)
  15 deep elf archers
  13 swamp dragons
  7 arcanists
  3 obsidian statues
  22 ironbound convokers
  9 lindwurms
  13 harpies
  An orange crystal statue (Depths:4)
  A lindwurm (shapeshifter) (Depths:1)
  4 phantasmal warriors
  33 deep elf pyromancers
  20 deep elf zephyrmancers
  34 ugly things
  3 necromancers
  9 orc knights
  7 mana vipers
  A mana viper (shapeshifter) (Vaults:5)
  5 manticores
  3 orc sorcerers
  A frost giant zombie (Vaults:3)
  3 will-o-the-wisps
  13 moths of wrath
  An oklob plant (Lair:3)
  16 elephants
  13 salamanders
  13 centaur zombies
  A cyclops (D:11)
  A water nymph (shapeshifter) (Depths:3)
  19 vault sentinels
  18 black mambas
  2 human skeletons (Vaults:3)
  5 guardian serpents
  2 water nymphs (Swamp:2)
  An eye of devastation (Depths:3)
  An eye of devastation (shapeshifter) (Elf:1)
  10 naga magi
  A torpor snail (Lair:5)
  13 cane toads
  5 gargoyles
  An unseen horror (D:12)
  4 rime drakes
  Jeremiah (D:6)
  2 efreet
  A komodo dragon (shapeshifter) (Vaults:5)
  4 golden dragon simulacra (IceCv)
  A tormentor (D:7)
  12 komodo dragons
  2 tengu conjurers
  45 yaktaurs
  2 red devils
  9 freezing wraiths
  An ice devil (Depths:3)
  9 tyrant leeches
  11 hornets
  6 trolls
  5 polar bears
  A polar bear (shapeshifter) (Depths:3)
  An alligator simulacrum (IceCv)
  A bloated husk (Swamp:1)
  51 saltlings (Desolation)
  Grinder (D:6)
  12 blink frogs
  3 glass eyes
  Prince Ribbit (D:6)
  A frost giant simulacrum (Vaults:3)
  A raiju (shapeshifter) (Vaults:5)
  A meliai zombie (D:12)
  37 slime creatures
  A jumping spider (shapeshifter) (Elf:1)
  Sigmund (D:6)
  A culicivora (Vaults:5)
  A spriggan (shapeshifter) (D:14)
  A shadow (D:9)
  A centaur simulacrum (D:14)
  3 hogs (D:9)
  A vampire (D:10)
  2 air elementals (Elf:3)
  16 water elementals
  5 wyverns
  53 yaks
  3 wraiths (D:10)
  A golden eye (shapeshifter) (D:14)
  7 fire elementals
  21 humans
  4 redbacks (Vaults:5)
  3 steam dragons
  25 vampire mosquitoes
  20 swamp worms
  6 basilisks
  A redback simulacrum (D:15)
  12 water moccasins
  33 nagas
  6 wargs
  An acid dragon (D:10)
  3 hydra simulacra (IceCv)
  41 orc warriors
  6 ice beasts
  A sky beast (D:6)
  7 swamp drakes (Swamp:4)
  2 ettin simulacra (IceCv)
  A black bear (D:5)
  19 centaurs
  8 ogres
  15 wolves
  A phantom (D:6)
  4 kobold brigands
  7 earth elementals
  A deep troll simulacrum (IceCv)
  19 bullfrogs
  A gnoll sergeant (D:12)
  2 scorpions
  19 wights
  5 killer bees (D:10)
  6 electric eels
  4 howler monkeys
  A crimson imp (D:8)
  3 jellies
  2 hounds
  17 orc priests
  2 gnoll boudas
  Crazy Yiuf (D:6)
  A sleepcap (D:7)
  8 iguanas
  9 orc wizards
  A boggart zombie (D:12)
  2 howler monkey zombies (D:10)
  Robin (D:4)
  23 gnolls
  6 adders
  A shadow imp (D:5)
  A white imp (D:6)
  4 ufetubi (D:5)
  2 worms
  A dart slug (D:15)
  58 orcs
  5 ball pythons
  11 bats
  7 endoplasms
  2 giant cockroaches
  7 goblins
  6 hobgoblins
  A jackal (D:4)
  26 kobolds
  3 quokkas
  4 frilled lizards
  3 rats
2027 creatures vanquished.

Vanquished Creatures (collateral kills)
  A balrug (D:1)
  2 demonspawn blood saints (D:1)
  A crystal guardian (Desolation)
  A centaur (D:6)
  An orc (D:3)
  An endoplasm (D:1)
  A ball python (D:4)
  2 frilled lizards
  5 goblins
15 creatures vanquished.

Vanquished Creatures (others)
  A swamp dragon (Swamp:1)
  3 bloated husks (Swamp:1)
  A vampire mosquito (Swamp:1)
  6 foxfires
11 creatures vanquished.

Grand Total: 2053 creatures vanquished

Notes
Turn   | Place    | Note
-------+----------+-------------------------------------------
     0 | D:1      | RBrandon the Djinni Hedge Wizard began the quest for the
                  | Orb.
     0 | D:1      | RBrandon set off with the following spells memorised: Magic
                  | Dart, Slow, Blink, Call Imp, Mephitic Cloud.
     0 | D:1      | Reached XP level 1. HP: 15/15 MP: 0/0
   200 | D:1      | Found a faded altar of an unknown god.
   241 | D:1      | Reached XP level 2. HP: 19/21 MP: 0/0
   474 | D:1      | Reached XP level 3. HP: 15/25 MP: 0/0
   474 | D:1      | Learned a level 1 spell: Shock
   733 | D:2      | Identified the +5 dagger of Wuyczy {flame, Str+3}
  1090 | D:2      | Reached XP level 4. HP: 30/31 MP: 0/0
  1681 | D:3      | Noticed Ijyb
  1787 | D:3      | Reached XP level 5. HP: 30/35 MP: 0/0
  1787 | D:3      | Learned a level 2 spell: Searing Ray
  2306 | D:4      | Noticed Robin
  2306 | D:4      | Noticed a water moccasin
  2538 | D:4      | Reached skill level 5 in Spellcasting
  2538 | D:4      | Reached skill level 5 in Conjurations
  2538 | D:4      | Reached skill level 5 in Hexes
  2538 | D:4      | Reached skill level 5 in Summonings
  2538 | D:4      | Reached skill level 5 in Necromancy
  2538 | D:4      | Reached skill level 5 in Translocations
  2538 | D:4      | Reached skill level 5 in Transmutations
  2538 | D:4      | Reached skill level 5 in Fire Magic
  2538 | D:4      | Reached skill level 5 in Ice Magic
  2538 | D:4      | Reached skill level 5 in Air Magic
  2538 | D:4      | Reached skill level 5 in Earth Magic
  2538 | D:4      | Reached skill level 5 in Poison Magic
  2538 | D:4      | Reached XP level 6. HP: 25/40 MP: 0/0
  2613 | D:4      | Noticed an ogre
  2619 | D:4      | Killed an ogre
  2622 | D:4      | Noticed an ogre
  2634 | D:4      | Killed an ogre
  2635 | D:4      | Reached XP level 7. HP: 29/45 MP: 0/0
  2635 | D:4      | Learned a level 3 spell: Ignite Poison
  2824 | D:4      | Killed Robin
  3086 | D:4      | Killed a water moccasin
  3425 | D:5      | Entered Level 5 of the Dungeon
  3685 | D:5      | Reached XP level 8. HP: 47/50 MP: 0/0
  3719 | D:5      | Reached skill level 1 in Fighting
  4387 | D:5      | Found a shadowy altar of Dithmenos.
  4749 | D:6      | Noticed Grinder
  4760 | D:6      | Killed Grinder
  4894 | D:6      | Reached skill level 5 in Dodging
  4895 | D:6      | Reached XP level 9. HP: 22/63 MP: 0/0
  4895 | D:6      | Learned a level 4 spell: Dispel Undead
  4958 | D:6      | Noticed Jeremiah
  5009 | D:6      | Killed Jeremiah
  5010 | D:6      | Reached skill level 5 in Fighting
  5012 | D:6      | Noticed Prince Ribbit
  5027 | D:6      | Killed Prince Ribbit
  5462 | D:6      | Noticed Sigmund
  5470 | D:6      | Killed Sigmund
  5750 | D:6      | Found a runed translucent door.
  5750 | D:6      | Noticed Crazy Yiuf
  5763 | D:6      | Killed Crazy Yiuf
  5879 | D:6      | Reached XP level 10. HP: 75/75 MP: 0/0
  5986 | D:6      | Found a staircase to the Ecumenical Temple.
  6022 | D:6      | Found a sparkling altar of Nemelex Xobeh.
  6060 | Temple   | Entered the Ecumenical Temple
  6063 | Temple   | Upgraded the game from 0.31-a0-986-g5e6e4ef867 to
                  | 0.31-a0-1071-gaead2f62b1
  6065 | Temple   | Became a worshipper of Elyvilon the Healer
  6249 | D:6      | Found a shimmering altar of Xom.
  6252 | D:6      | Found a snail-covered altar of Cheibriados.
  6253 | D:6      | Found a stormy altar of Qazlal.
  6254 | D:6      | Found a hide-covered altar of Uskayaw.
  7543 | D:7      | Reached * piety under Elyvilon
  7772 | D:8      | Reached skill level 1 in Invocations
  7946 | D:8      | Reached skill level 2 in Invocations
  7965 | D:8      | Reached skill level 3 in Invocations
  8492 | D:8      | Reached skill level 4 in Invocations
  8820 | D:8      | Reached skill level 5 in Invocations
  8834 | D:8      | Reached XP level 11. HP: 48/82 MP: 0/0
  8834 | D:8      | Learned a level 5 spell: Fireball
  9077 | D:8      | Found a burning altar of Makhleb.
  9189 | D:8      | Reached ** piety under Elyvilon
 10137 | D:9      | Found a staircase to the Lair.
 10569 | Lair:1   | Entered Level 1 of the Lair of Beasts
 10723 | Lair:1   | Found a gate leading to a gauntlet.
 10743 | Gauntlet | Entered a Gauntlet
 10743 | Gauntlet | Found a transporter.
 10743 | Gauntlet | Found a transporter.
 10747 | Gauntlet | Found a transporter.
 10747 | Gauntlet | Found a transporter.
 10752 | Gauntlet | Noticed an oklob plant
 10757 | Gauntlet | Reached *** piety under Elyvilon
 10757 | Gauntlet | Found a transporter.
 10765 | Gauntlet | Noticed a spectral wolf spider
 10767 | Gauntlet | Found a transporter.
 10770 | Gauntlet | Found a transporter.
 10770 | Gauntlet | Noticed an obsidian statue
 10773 | Gauntlet | Noticed a death drake
 10774 | Gauntlet | Found a transporter.
 10802 | Gauntlet | Found a transporter.
 10805 | Gauntlet | Found a transporter.
 11190 | Lair:1   | Reached XP level 12. HP: 83/88 MP: 0/0
 11201 | Lair:1   | Reached skill level 10 in Spellcasting
 11201 | Lair:1   | Reached skill level 10 in Conjurations
 11201 | Lair:1   | Reached skill level 10 in Hexes
 11201 | Lair:1   | Reached skill level 10 in Summonings
 11201 | Lair:1   | Reached skill level 10 in Necromancy
 11201 | Lair:1   | Reached skill level 10 in Translocations
 11201 | Lair:1   | Reached skill level 10 in Transmutations
 11201 | Lair:1   | Reached skill level 10 in Fire Magic
 11201 | Lair:1   | Reached skill level 10 in Ice Magic
 11201 | Lair:1   | Reached skill level 10 in Air Magic
 11201 | Lair:1   | Reached skill level 10 in Earth Magic
 11201 | Lair:1   | Reached skill level 10 in Poison Magic
 11907 | Lair:2   | Noticed a four-headed hydra
 12055 | Lair:2   | Reached **** piety under Elyvilon
 12268 | Lair:2   | Killed a four-headed hydra
 12542 | Lair:2   | Found a staircase to the Snake Pit.
 12704 | Lair:2   | Noticed a six-headed hydra
 12710 | Lair:2   | Killed a six-headed hydra
 13234 | Lair:2   | Reached XP level 13. HP: 79/93 MP: 0/0
 13234 | Lair:2   | Learned a level 5 spell: Arcjolt
 13869 | Lair:3   | Found a staircase to the Swamp.
 14300 | Lair:3   | Reached ***** piety under Elyvilon
 14318 | Lair:3   | Noticed a catoblepas
 14327 | Lair:3   | Killed a catoblepas
 14328 | Lair:3   | Reached skill level 6 in Invocations
 14603 | Lair:3   | Reached skill level 7 in Invocations
 15170 | Lair:3   | Reached skill level 8 in Invocations
 15647 | Lair:4   | Reached skill level 9 in Invocations
 15811 | Lair:4   | Noticed a five-headed hydra
 15816 | Lair:4   | Killed a five-headed hydra
 15907 | Lair:4   | Found a staircase to the Slime Pits.
 15917 | Lair:4   | Identified the ring of Cocaimoc {Fly rElec Will++}
 16060 | Lair:4   | Reached skill level 10 in Invocations
 16480 | Lair:5   | Entered Level 5 of the Lair of Beasts
 16541 | Lair:5   | Reached XP level 14. HP: 73/99 MP: 0/0
 16644 | Lair:5   | Reached skill level 11 in Invocations
 16928 | Lair:5   | Found a transporter.
 16942 | Lair:5   | Found a transporter.
 16944 | Lair:5   | Identified the +1 orcbow of the Little People {drain, Drain
                  | rF+ Will- Dex+5}
 16950 | Lair:5   | Found a bloodstained altar of Trog.
 16959 | Lair:5   | Noticed timneilson's ghost (journeyman OpSh)
 17004 | Lair:5   | Reached skill level 12 in Invocations
 17391 | Lair:5   | Reached skill level 13 in Invocations
 17468 | Lair:5   | Identified a scroll of acquirement
 17471 | Lair:5   | Acquired a manual of Conjurations
 18044 | Lair:5   | Noticed a dire elephant
 18050 | Lair:5   | Killed a dire elephant
 18295 | Lair:5   | Identified the ring of Fipros {AC+4 Str-5 Dex+4}
 18609 | D:10     | Entered Level 10 of the Dungeon
 19024 | D:10     | Reached XP level 15. HP: 88/104 MP: 0/0
 19024 | D:10     | Learned a level 6 spell: Plasma Beam
 19229 | D:10     | Found a blossoming altar of Fedhas.
 19472 | D:10     | Reached ****** piety under Elyvilon
 19559 | D:10     | Found a glowing golden altar of the Shining One.
 19559 | D:10     | Found an opulent altar of Gozag.
 19857 | D:11     | Found Jiogawk's Assorted Antiques.
 19863 | D:11     | Found a staircase to the Orcish Mines.
 19974 | D:11     | Reached skill level 15 in Conjurations
 20249 | D:11     | Noticed Erolcha
 20251 | D:11     | Killed Erolcha
 20923 | D:11     | Identified the +1 orcbow of Boda {flame, Will- Str+7}
 21230 | Orc:1    | Entered Level 1 of the Orcish Mines
 21278 | Orc:1    | Noticed an orc warlord
 21278 | Orc:1    | Noticed Fannar
 21293 | Orc:1    | Killed Fannar
 21297 | Orc:1    | Killed an orc warlord
 21599 | Orc:2    | Entered Level 2 of the Orcish Mines
 21601 | Orc:2    | Found a staircase to the Elven Halls.
 21607 | Orc:2    | Reached skill level 10 in Dodging
 21990 | Orc:2    | Found Teuxzao's General Store.
 22072 | Orc:2    | Found Ekoc's Armour Shoppe.
 22073 | Orc:2    | Found Imoigall's Weapon Shop.
 22073 | Orc:2    | Found Vegosh's Antique Armour Emporium.
 22075 | Orc:2    | Found Zoruops's Magic Scroll Boutique.
 22087 | Orc:2    | Bought a scroll of enchant armour for 97 gold pieces
 22964 | D:12     | Reached skill level 1 in Evocations
 23189 | D:12     | Reached XP level 16. HP: 83/112 MP: 0/0
 23257 | D:12     | Found a basalt altar of Yredelemnul.
 23613 | D:13     | Reached skill level 5 in Evocations
 23817 | D:13     | Found a gate to the Vaults.
 23937 | D:13     | Found Ytynt's Elemental Accessories.
 23945 | D:13     | Bought a staff of air for 275 gold pieces
 24907 | D:14     | Found a snail-covered altar of Cheibriados.
 25003 | D:14     | Found a bloodstained altar of Trog.
 25041 | D:15     | Entered Level 15 of the Dungeon
 25091 | D:15     | Reached skill level 10 in Fighting
 25154 | D:15     | Noticed Jorgrun
 25173 | D:15     | Killed Jorgrun
 25338 | D:15     | Found a snail-covered altar of Cheibriados.
 25707 | D:15     | Reached XP level 17. HP: 94/120 MP: 0/0
 25707 | D:15     | Learned a level 7 spell: Ozocubu's Refrigeration
 25728 | D:15     | Found a staircase to the Depths.
 26284 | Snake:1  | Entered Level 1 of the Snake Pit
 26299 | Snake:1  | Identified the serpent talisman of the Trilobite {Int+2}
 26299 | Snake:1  | Noticed Aizul
 26301 | Snake:1  | Killed Aizul
 26556 | Snake:1  | Reached skill level 1 in Shapeshifting
 28538 | Snake:4  | Entered Level 4 of the Snake Pit
 28679 | Snake:4  | Reached XP level 18. HP: 99/131 MP: 0/0
 28797 | Snake:4  | Noticed a quicksilver dragon
 28802 | Snake:4  | Killed a quicksilver dragon
 29016 | Snake:4  | Got a serpentine rune of Zot
 29017 | Snake:4  | Upgraded the game from 0.31-a0-1071-gaead2f62b1 to
                  | 0.31-a0-1074-g0b22e4e0f1
 29141 | Swamp:1  | Entered Level 1 of the Swamp
 29151 | Swamp:1  | Found a runed translucent door.
 29152 | Swamp:1  | Noticed mattiecakes's ghost (adept GrFi)
 29210 | Swamp:1  | Reached skill level 15 in Dodging
 29383 | Swamp:1  | Noticed Nikola
 29390 | Swamp:1  | Killed Nikola
 29437 | Swamp:1  | Acquired 1264 gold pieces
 30084 | Swamp:1  | Found a shadowy altar of Dithmenos.
 30148 | Swamp:1  | Killed mattiecakes's ghost
 30156 | Swamp:1  | Identified the ring of the Middle {MP+9 Str+5}
 30159 | Swamp:1  | Identified the staff "Biomysib" {rN+ Int+5 Necro}
 30569 | Swamp:2  | Reached XP level 19. HP: 130/142 MP: 0/0
 30569 | Swamp:2  | Learned a level 6 spell: Death Channel
 30595 | Swamp:2  | Reached skill level 15 in Fighting
 31099 | Swamp:2  | You are sucked into a shaft and drop 1 floor!
 31570 | Swamp:3  | Reached skill level 14 in Invocations
 31926 | Swamp:4  | Entered Level 4 of the Swamp
 32068 | Swamp:4  | Noticed Roxanne
 32079 | Swamp:4  | Killed Roxanne
 32169 | Swamp:4  | Reached skill level 15 in Invocations
 32364 | Swamp:4  | Noticed the 27-headed Lernaean hydra
 32370 | Swamp:4  | Killed the 27-headed Lernaean hydra
 32429 | Swamp:4  | Reached skill level 16 in Invocations
 32734 | Swamp:4  | Got a decaying rune of Zot
 33010 | Vaults:1 | Entered Level 1 of the Vaults
 33043 | Vaults:1 | Found a glowing silver altar of Zin.
 33043 | Vaults:1 | Found a white marble altar of Elyvilon.
 33044 | Vaults:1 | Found a glowing golden altar of the Shining One.
 33045 | Vaults:1 | Found a crumbling gateway.
 33078 | Vaults:1 | Reached XP level 20. HP: 122/150 MP: 0/0
 33094 | Desolati | Entered the Desolation of Salt
 33176 | Desolati | Reached skill level 17 in Invocations
 33347 | Desolati | Identified the ring "Nesoasym" {Wiz rPois rC- Str+4}
 33350 | Desolati | Identified the ring "Elitah" {Ice rPois MP+9 Int+4}
 33588 | Desolati | Reached skill level 18 in Invocations
 33673 | Desolati | Identified the +5 hand axe "Newt's Demise" {vamp, Dex+4}
 33740 | Desolati | Identified the +8 dagger of Qazlal's Outrage {venom, rElec}
 33789 | Desolati | Identified the +3 dagger of Causality {drain, Str+4}
 33790 | Desolati | Identified the ring "Teczis" {rCorr AC+4 Int+6 Slay-2}
 34363 | Vaults:1 | Reached skill level 19 in Invocations
 34672 | Vaults:1 | Reached XP level 21. HP: 119/156 MP: 0/0
 34672 | Vaults:1 | Learned a level 8 spell: Lehudib's Crystal Spear
 34706 | Vaults:1 | Reached skill level 15 in Translocations
 34747 | Vaults:1 | Reached skill level 15 in Spellcasting
 34747 | Vaults:1 | Reached skill level 15 in Hexes
 34747 | Vaults:1 | Reached skill level 15 in Summonings
 34747 | Vaults:1 | Reached skill level 15 in Necromancy
 34747 | Vaults:1 | Reached skill level 15 in Transmutations
 34747 | Vaults:1 | Reached skill level 15 in Fire Magic
 34747 | Vaults:1 | Reached skill level 15 in Ice Magic
 34747 | Vaults:1 | Reached skill level 15 in Air Magic
 34747 | Vaults:1 | Reached skill level 15 in Earth Magic
 34747 | Vaults:1 | Reached skill level 15 in Poison Magic
 34794 | Vaults:1 | Found Ciuhaput's Antique Armour Emporium.
 34798 | Vaults:1 | Bought a shimmering robe for 131 gold pieces
 34798 | Vaults:1 | Identified the +2 robe of Qoukuqa {-Tele rElec Int+3
                  | Stlth+} (You bought it in a shop on level 1 of the Vaults)
 34798 | Vaults:1 | Bought a shiny kite shield for 172 gold pieces
 35251 | Vaults:1 | Identified the +2 ring mail of the Breadfruit {rN+ Will+}
 35252 | Vaults:1 | Identified the +0 pair of boots of Zojink {Will+ Dex+5}
 35578 | Vaults:2 | Identified the staff of Internal Strife {rC+ Will+ Int+3
                  | Ice}
 36486 | Vaults:2 | Found a staircase to the Crypt.
 37009 | Vaults:3 | You are sucked into a shaft and drop 1 floor!
 37299 | Vaults:3 | Reached XP level 22. HP: 104/162 MP: 0/0
 39266 | Elf:1    | Entered Level 1 of the Elven Halls
 39415 | Elf:1    | Found Omifai's General Store.
 39416 | Elf:1    | Found Enoothro's General Store.
 39416 | Elf:1    | Found Xonaegoz's Armour Boutique.
 39459 | Elf:1    | Reached skill level 1 in Shields
 39460 | Elf:1    | Found a frozen archway.
 39476 | IceCv    | Entered an ice cave
 39985 | IceCv    | Acquired 704 gold pieces
 40257 | Elf:1    | Bought a scroll of enchant armour for 127 gold pieces
 40301 | Elf:1    | Reached skill level 5 in Shields
 40401 | Elf:1    | Found Golox's Book Shoppe.
 40838 | Elf:1    | Identified the +1 robe of the Yeti {Rampage rPois}
 41343 | Elf:2    | Found a runed translucent gate.
 41366 | Elf:2    | Reached XP level 23. HP: 92/167 MP: 0/0
 41366 | Elf:2    | Learned a level 7 spell: Enfeeble
 41473 | Elf:2    | Found a runed translucent gate.
 41477 | Elf:2    | Found a runed translucent gate.
 41991 | Elf:3    | Entered Level 3 of the Elven Halls
 41991 | Elf:3    | Found Mep Soeth's Distillery.
 42008 | Elf:3    | Bought 2 potions of haste for 260 gold pieces
 42008 | Elf:3    | Bought a potion of haste for 130 gold pieces
 42008 | Elf:3    | Bought a potion of curing for 39 gold pieces
 42008 | Elf:3    | Bought a potion of haste for 130 gold pieces
 42008 | Elf:3    | Bought a potion of heal wounds for 65 gold pieces
 42008 | Elf:3    | Bought a potion of mutation for 104 gold pieces
 42008 | Elf:3    | Bought a potion of curing for 39 gold pieces
 42118 | Elf:3    | Reached skill level 10 in Shields
 42165 | Elf:3    | Noticed Asterion
 42165 | Elf:3    | Noticed Louise
 42188 | Elf:3    | Killed Asterion
 42188 | Elf:3    | Killed Louise
 42307 | Elf:3    | Paralysed by an air elemental for 1 turns
 42491 | Elf:3    | Identified the +1 robe of Evolution {Dex+4}
 42519 | Elf:3    | Identified the amulet of Xasofoaz {Reflect Contam +Inv
                  | Int+6 SH+5}
 42526 | Elf:3    | Identified the ring "Vareaxta" {AC+4 Slay+3}
 42849 | Elf:3    | Identified the staff "Wohuhiz" {rF+ Int+4 Fire}
 43825 | Vaults:5 | Entered Level 5 of the Vaults
 43833 | Vaults:5 | Got a silver rune of Zot
 43905 | Vaults:5 | Reached XP level 24. HP: 117/174 MP: 0/0
 43982 | Vaults:5 | Noticed Jory
 43987 | Vaults:5 | Killed Jory
 43988 | Vaults:5 | Reached skill level 15 in Shields
 44757 | Vaults:5 | Noticed an ancient lich
 44765 | Vaults:5 | Killed an ancient lich
 44908 | Vaults:5 | Reached skill level 20 in Invocations
 45060 | Vaults:5 | Noticed a golden dragon
 45078 | Vaults:5 | Killed a golden dragon
 45246 | Vaults:5 | Found Nyekhlag's Magic Scroll Shoppe.
 45267 | Vaults:5 | Found Cacu's Distillery.
 45272 | Vaults:5 | Bought a potion of heal wounds for 85 gold pieces
 45272 | Vaults:5 | Bought 3 potions of heal wounds for 255 gold pieces
 45290 | Vaults:5 | Identified the +0 pair of gloves of Vastre {Harm rPois}
 45332 | Vaults:5 | Identified the ring "Jucuat" {Ice *Slow Will+ Int+4 Slay+3}
 45389 | Vaults:5 | Identified the +0 scale mail "Hocic" {Drain *Slow rF+
                  | Dex+6}
 45410 | Vaults:5 | Identified the +6 spear of Salt {holy, Fly Dex+3}
 45414 | Vaults:5 | Identified the +8 dagger of Lehunwug {venom, Str+2 Dex+3}
 45608 | Vaults:5 | Found Suysu's Magic Scroll Emporium.
 45613 | Vaults:5 | Bought a scroll of blinking for 120 gold pieces
 45625 | Vaults:5 | Found Peuw's Distillery.
 45630 | Vaults:5 | Bought 2 potions of curing for 96 gold pieces
 45630 | Vaults:5 | Bought a potion of curing for 48 gold pieces
 45630 | Vaults:5 | Bought a potion of brilliance for 64 gold pieces
 45630 | Vaults:5 | Bought a potion of brilliance for 64 gold pieces
 45640 | Vaults:5 | Found Etist's Distillery.
 45645 | Vaults:5 | Bought a potion of mutation for 128 gold pieces
 45645 | Vaults:5 | Bought a potion of heal wounds for 80 gold pieces
 45645 | Vaults:5 | Bought a potion of mutation for 128 gold pieces
 45645 | Vaults:5 | Bought a potion of cancellation for 128 gold pieces
 45718 | Vaults:5 | Identified the +5 war axe "Grim Tooth" {flame, Will+ Int+2}
 45725 | Vaults:5 | Reached skill level 21 in Invocations
 45733 | Vaults:5 | Reached XP level 25. HP: 167/179 MP: 0/0
 45733 | Vaults:5 | Learned a level 9 spell: Chain Lightning
 46397 | Depths:1 | Entered Level 1 of the Depths
 46667 | Depths:1 | Found a gateway to Hell.
 47570 | Depths:2 | Noticed Grunn
 47576 | Depths:2 | Killed Grunn
 47692 | Depths:2 | Found a one-way gate leading to the halls of Pandemonium.
 47747 | Depths:2 | Found a one-way gate to the infinite horrors of the Abyss.
 47777 | Depths:2 | Found a blossoming altar of Fedhas.
 47854 | Depths:2 | Found Icegg's Weapon Emporium.
 47968 | Depths:3 | Noticed Boris
 48070 | Depths:3 | Noticed Saint Roka
 48073 | Depths:3 | Killed Saint Roka
 48081 | Depths:3 | Killed Boris
 48470 | Depths:3 | Identified the +4 rapier of the Viper {heavy, Drain Fly
                  | rN+}
 48473 | Depths:3 | Reached skill level 22 in Invocations
 48480 | Depths:3 | Reached XP level 26. HP: 79/193 MP: 0/0
 48570 | Depths:3 | Found a one-way gateway to a ziggurat.
 49340 | Depths:4 | Entered Level 4 of the Depths
 49484 | Depths:4 | Noticed a juggernaut
 49485 | Depths:4 | Killed a juggernaut
 49505 | Depths:4 | Reached skill level 23 in Invocations
 50096 | Depths:4 | Found a gate to the Realm of Zot.
 50287 | Zot:1    | Entered Level 1 of the Realm of Zot
 52264 | Zot:3    | Reached XP level 27. HP: 145/202 MP: 0/0
 52264 | Zot:3    | Learned a level 9 spell: Dragon's Call
 52790 | Zot:4    | Reached skill level 24 in Invocations
 52854 | Zot:4    | Identified the +2 ring mail of the New World {rPois Will+
                  | Int+2 Dex+6}
 53018 | Zot:4    | Noticed a Killer Klown
 53019 | Zot:4    | Killed a Killer Klown
 53560 | Zot:5    | Entered Level 5 of the Realm of Zot
 53736 | Zot:5    | Found a runed translucent gate.
 53736 | Zot:5    | Found a runed translucent gate.
 53739 | Zot:5    | Found a runed translucent gate.
 53740 | Zot:5    | Noticed Giurur's ghost (veteran OgBe)
 53742 | Zot:5    | Found a viscous altar of Jiyva.
 53830 | Zot:5    | Noticed a Killer Klown
 53831 | Zot:5    | Noticed an orb of fire
 53832 | Zot:5    | Noticed an orb of fire
 53833 | Zot:5    | Noticed a Killer Klown
 53835 | Zot:5    | Noticed an orb of fire
 53951 | Zot:5    | Noticed an ancient lich
 53959 | Zot:5    | Killed an ancient lich
 53971 | Zot:5    | Noticed a Killer Klown
 53975 | Zot:5    | Noticed an orb of fire
 54082 | Zot:5    | Gained mutation: You have hidden genetic defects. [an orb
                  | of fire]
 54084 | Zot:5    | Killed an orb of fire
 54087 | Zot:5    | Killed an orb of fire
 54091 | Zot:5    | Killed a Killer Klown
 54102 | Zot:5    | Noticed a Killer Klown
 54103 | Zot:5    | Killed a Killer Klown
 54109 | Zot:5    | Killed an orb of fire
 54132 | Zot:5    | Killed an orb of fire
 54154 | Zot:5    | Gained mutation: You are frail. (-10% HP) [hidden defects]
 54155 | Zot:5    | Lost mutation: You are frail. (-10% HP) [potion of
                  | mutation]
 54155 | Zot:5    | Lost mutation: You have hidden genetic defects. [potion of
                  | mutation]
 54155 | Zot:5    | Gained mutation: You have hidden genetic potential. [potion
                  | of mutation]
 54156 | Zot:5    | Lost mutation: You have hidden genetic potential. [potion
                  | of mutation]
 54156 | Zot:5    | Gained mutation: You occasionally lose the ability to read
                  | scrolls when taking damage. [potion of mutation]
 54156 | Zot:5    | Gained mutation: Armour fits poorly on your strangely
                  | shaped body. [potion of mutation]
 54156 | Zot:5    | Gained mutation: Your mind is acute. (Int +4, Str/Dex -1)
                  | [potion of mutation]
 54157 | Zot:5    | Lost mutation: Armour fits poorly on your strangely shaped
                  | body. [potion of mutation]
 54157 | Zot:5    | Lost mutation: Your mind is acute. (Int +4, Str/Dex -1)
                  | [potion of mutation]
 54157 | Zot:5    | Gained mutation: You are occasionally teleported next to
                  | monsters. [potion of mutation]
 54157 | Zot:5    | Gained mutation: You are dopey. (Int -2) [potion of
                  | mutation]
 54157 | Zot:5    | Gained mutation: Your spells are a little harder to cast,
                  | but a little more powerful. [potion of mutation]
 54158 | Zot:5    | Lost mutation: You occasionally lose the ability to read
                  | scrolls when taking damage. [potion of mutation]
 54158 | Zot:5    | Lost mutation: You are dopey. (Int -2) [potion of mutation]
 54158 | Zot:5    | Gained mutation: You do not regenerate when monsters are
                  | visible. [potion of mutation]
 54158 | Zot:5    | Lost mutation: You are occasionally teleported next to
                  | monsters. [potion of mutation]
 54159 | Zot:5    | Lost mutation: Your spells are a little harder to cast, but
                  | a little more powerful. [potion of mutation]
 54159 | Zot:5    | Lost mutation: You do not regenerate when monsters are
                  | visible. [potion of mutation]
 54159 | Zot:5    | Gained mutation: You have very sharp teeth. [potion of
                  | mutation]
 54159 | Zot:5    | Gained mutation: Your muscles are strong. (Str +4, Int/Dex
                  | -1) [potion of mutation]
 54160 | Zot:5    | Lost mutation: You have very sharp teeth. [potion of
                  | mutation]
 54160 | Zot:5    | Lost mutation: Your muscles are strong. (Str +4, Int/Dex
                  | -1) [potion of mutation]
 54160 | Zot:5    | Gained mutation: You occasionally lose the ability to drink
                  | potions when taking damage. [potion of mutation]
 54160 | Zot:5    | Gained mutation: You are partially covered in iridescent
                  | scales. (AC +2) [potion of mutation]
 54161 | Zot:5    | Lost mutation: You occasionally lose the ability to drink
                  | potions when taking damage. [potion of mutation]
 54161 | Zot:5    | Lost mutation: You are partially covered in iridescent
                  | scales. (AC +2) [potion of mutation]
 54161 | Zot:5    | Gained mutation: You are partially covered in iridescent
                  | scales. (AC +2) [potion of mutation]
 54161 | Zot:5    | Gained mutation: You are mostly covered in iridescent
                  | scales. (AC +4) [potion of mutation]
 54161 | Zot:5    | Gained mutation: You do not regenerate when monsters are
                  | visible. [potion of mutation]
 54161 | Zot:5    | Gained mutation: You possess an exceptional clarity of
                  | mind. [potion of mutation]
 54162 | Zot:5    | Lost mutation: You are mostly covered in iridescent scales.
                  | (AC +4) [potion of mutation]
 54162 | Zot:5    | Lost mutation: You possess an exceptional clarity of mind.
                  | [potion of mutation]
 54162 | Zot:5    | Gained mutation: You possess an exceptional clarity of
                  | mind. [potion of mutation]
 54162 | Zot:5    | Gained mutation: Your flesh is almost immune to the effects
                  | of heat. (rF+++) [potion of mutation]
 54163 | Zot:5    | Lost mutation: You do not regenerate when monsters are
                  | visible. [potion of mutation]
 54163 | Zot:5    | Lost mutation: You are partially covered in iridescent
                  | scales. (AC +2) [potion of mutation]
 54163 | Zot:5    | Lost mutation: You possess an exceptional clarity of mind.
                  | [potion of mutation]
 54163 | Zot:5    | Gained mutation: Armour fits poorly on your strangely
                  | shaped body. [potion of mutation]
 54163 | Zot:5    | Gained mutation: You are robust. (+10% HP) [potion of
                  | mutation]
 54234 | Zot:5    | Noticed a dread lich
 54240 | Zot:5    | Killed a dread lich
 54241 | Zot:5    | Reached skill level 25 in Invocations
 54242 | Zot:5    | Killed a Killer Klown
 54312 | Zot:5    | Noticed an orb of fire
 54343 | Zot:5    | Gained mutation: Your body sometimes deteriorates upon
                  | taking damage. [an orb of fire]
 54344 | Zot:5    | Killed an orb of fire
 54419 | Zot:5    | Killed a Killer Klown
 54472 | Zot:5    | Noticed an ancient lich
 54493 | Zot:5    | Noticed an orb of fire
 54617 | Zot:5    | Gained mutation: You occasionally lose the ability to read
                  | scrolls when taking damage. [an orb of fire]
 54619 | Zot:5    | Killed an orb of fire
 54624 | Zot:5    | Killed an ancient lich
 54626 | Zot:5    | Lost mutation: You occasionally lose the ability to read
                  | scrolls when taking damage. [potion of mutation]
 54626 | Zot:5    | Lost mutation: Your flesh is almost immune to the effects
                  | of heat. (rF+++) [potion of mutation]
 54626 | Zot:5    | Gained mutation: You have hidden genetic potential. [potion
                  | of mutation]
 54626 | Zot:5    | Gained mutation: You are resistant to electric shocks.
                  | (rElec) [potion of mutation]
 54626 | Zot:5    | Gained mutation: You are strong-willed. (Will+) [potion of
                  | mutation]
 54633 | Zot:5    | Noticed a Killer Klown
 54639 | Zot:5    | Killed a Killer Klown
 54639 | Zot:5    | Noticed an ancient lich
 54654 | Zot:5    | Killed an ancient lich
 54662 | Zot:5    | Noticed a dread lich
 54664 | Zot:5    | Killed a dread lich
 54757 | Zot:5    | Reached skill level 26 in Invocations
 55074 | Zot:5    | Got the Orb of Zot
 55650 | D:$      | Escaped with the Orb!

Illustrated notes

Levels and vault maps discovered:
D:1:      minmay_arrival_five_plusses, layout_basic, basic_ecumenical_altar
D:2:      layout_basic
D:3:      layout_loops_ring, mainiacjoe_overflow_cross_hatched, uniq_ijyb
D:4:      layout_rooms, nicolae_eternal_life, minmay_quantized, uniq_robin
D:5:      layout_loops_corners, grunt_dithmenos_shadows
D:6:      layout_loops_cross, mainiacjoe_overflow_alcove_3,
          mainiacjoe_overflow_small_starburst, minmay_temple_entry_fiery,
          uniq_sigmund, uniq_grinder, uniq_jeremiah, uniq_prince_ribbit1,
          uniq_crazy_yiuf_cottage
D:7:      layout_cave_pools, palyth_stone_intersect
D:8:      layout_cave_pools, grunt_temple_overflow_lords_of_destruction
D:9:      layout_roguey, hellmonk_lair_entry_icy, grunt_livestock
D:10:     nicolae_hitomezashi [nicolae_hito_row, nicolae_hito_row,
          nicolae_hito_row, nicolae_hito_row, nicolae_hito_row,
          nicolae_hito_row, nicolae_hito_row, nicolae_hito_row,
          nicolae_hito_row, nicolae_hito_row, nicolae_hito_row,
          nicolae_hito_row, nicolae_hito_row, nicolae_hito_row,
          nicolae_hito_row, nicolae_hito_row, nicolae_hito_row,
          nicolae_hito_row], layout_basic, mainiacjoe_overflow_surrounded_room,
          amethyst_overflow_temple_binary, serial_undead, serial_undead_e,
          serial_undead_e, serial_undead_e, serial_undead_d,
          kennysheep_generic_room_13
D:11:     fort_yaktaur, layout_basic, minmay_orc_entry_temple_small,
          serial_shops, nicolae_shop_peninsula, uniq_erolcha
D:12:     layout_basic, serial_aquarium, aquarium_bridge_straight
          [aquarium_subvault_bridge, aquarium_subvault_wall,
          aquarium_subvault_bridge, aquarium_subvault_wall],
          aquarium_bridge_island_small [aquarium_subvault_small_open,
          aquarium_subvault_balcony, aquarium_subvault_bridge,
          aquarium_subvault_bridge, aquarium_subvault_balcony],
          aquarium_window_fake, aquarium_window_fake, aquarium_view_2b,
          aquarium_balcony_3a, minmay_misc_feat_room, minivault_14,
          nicolae_yredelemnul_corpse_copse
D:13:     layout_stronghold, grunt_vaults_entry_tiered, nicolae_elemental_shop
D:14:     layout_basic, old_standard_altar, st_stairs_11, trog_butcher_becter
D:15:     gammafunk_enter_depths_forms, layout_grid_maze,
          hangedman_decor_growths, serial_bayou_lagoon_a,
          kennysheep_slug_shrine, uniq_jorgrun
Temple:   nicolae_temple_ecumenical_triangle
Lair:1:   layout_chaotic_city, gauntlet_entry_generic
Lair:2:   layout_chaotic_city, guppyfry_snake_entry_island, basic_altar,
          hibernation_bobbens, serial_bayou_shore_b, grunt_megastairs_1
Lair:3:   layout_roguey, swamp_mist, minmay_lair_oklob_items, fungi_pond_lemuel,
          dreamdust_gnoll_shepherd
Lair:4:   layout_hall_layers, slime_entry_1, nicolae_quartered_pool_medium
Lair:5:   hangedman_lair_in_review, layout_cave_shapes,
          gammafunk_ghost_wrathful_warriors
Swamp:1:  bobbens_index_wilting_gardens, layout_basic_swamp,
          gammafunk_ghost_grave, basic_altar, swamp_pool_1_2, st_swamp_ruins_3,
          uniq_nikola
Swamp:2:  layout_falls_marsh, evilmike_swamp_ruin_house_1, swamp_pool_4,
          nicolae_swamp_nymph_family_reunion, infiniplex_staircase_pool
Swamp:3:  layout_basic_swamp, evilmike_swamp_ruin_house_3
Swamp:4:  swamp_old_school, layout_basic_swamp, uniq_roxanne
Snake:1:  layout_concentric_octagons, grunt_megastairs_4, uniq_aizul
Snake:2:  layout_basic, nicolae_snake_linked_coils
Snake:3:  layout_rooms
Snake:4:  hellmonk_snake_rune_quicksilver_temple, layout_cave_town, basic_altar
Orc:1:    layout_caves, ebering_ghost_rock_garden, uniq_fannar
Orc:2:    st_orc_rangers, layout_caves, serial_shops, shop, special_room
Elf:1:    layout_onion_city, portal_ice_cave_entry_pillars_1, serial_shops,
          nicolae_shop_window_shopping, evilmike_minifort, minmay_shop_star
Elf:2:    elven_hall_of_blades_hangedman_original
          [nicolae_vaults_blade_armed_guards], layout_loops_cross,
          nicolae_elf_w_pinch
Elf:3:    elf_hall_gauntlet_wide, layout_geoelf_octagon, serial_shops,
          nicolae_shop_industrial_runoff, uniq_asterion, uniq_louise
Vaults:1: portal_desolation_entry_holy_temple, ontoclasm_vaults_gateway,
          nicolae_vaults_trapezoid_lopsided_1, nicolae_vaults_circle_grid_a,
          vaults_room_door_ring, nicolae_vaults_stairing_the_circle,
          nicolae_vaults_storage_room_glass, nicolae_vaults_big_angled_halls,
          v_alt_pattern_6, ontoclasm_vaults_pinch, nicolae_vaults_statue_guard,
          nicolae_vaults_what_the_h, nicolae_vaults_sightless_eye, v_misc_23,
          ontoclasm_vaults_idyll, ontoclasm_vaults_ligature,
          vaults_mumra_hexcomb, layout_vaults_ring, serial_shops,
          nicolae_shop_trees
Vaults:2: v_rooms_3, nicolae_vaults_little_squares_3,
          nicolae_vaults_closet_pinwheel_3, grunt_vaults_hallway_long,
          v_pattern_3, nicolae_vaults_more_shelving_1, v_misc_28,
          v_alt_pattern_5, nicolae_vaults_apartment_2,
          minmay_crypt_entry_simple_sparse, nicolae_vaults_surprise_closet_hard,
          layout_vaults_omnicross
Vaults:3: v_rooms_1, nicolae_whirlpool, nicolae_vaults_alarming,
          nicolae_vaults_ellipses_ellipsis,
          nicolae_vaults_doubleplus_tesselated, v_alt_pattern_3,
          hangedman_vaults_stagger, nicolae_vaults_ring_of_whatevers,
          nicolae_vaults_yaktaur_gun_rack, layout_vaults_maze_bifur
Vaults:4: nicolae_vaults_oval_intersection, vaults_room_octagon,
          nicolae_vaults_stepped_doors, nicolae_vaults_variable_pillar_hall,
          nicolae_vaults_double_plus_1, nicolae_vaults_apartment_1,
          nicolae_vaults_diamond_1, layout_vaults_omnigrid
Vaults:5: uniq_jory
Depths:1: layout_basic, pf_dread_powers_of_hell, kennysheep_doodads,
          lemuel_flames_and_gold
Depths:2: minmay_bloctagon_deflated, layout_cave_pools, hell_entry,
          serial_shops, shop, abyss_entry, pan_entry, fedhas_altar_1, uniq_grunn
Depths:3: evilmike_diamond_2, layout_cave_pools, enter_ziggurat_c,
          chequers_serial_rivers_micro_c, abyss_entry, hangedman_coc_ice_floe,
          serial_bayou_shore_b, serial_bayou_shore_b, uniq_boris,
          uniq_saint_roka
Depths:4: grunt_zot_entry_pinwheel, layout_cave_pools, hell_entry, minivault_16
Zot:1:    layout_concentric_octagons, regret_index_zotdec_zees
Zot:2:    layout_misc_corridors, lemuel_flame_loot_1
Zot:3:    layout_basic, skrybe_zot_glass_1
Zot:4:    layout_basic, grunt_megastairs_2
Zot:5:    layout_misc_corridors, gammafunk_ghost_ooze, nicolae_lava_and_water,
          nicolae_tricolors

Skill      XL: |  1  2  3  4  5  6  7  8  9 10 11 12 13 14 15 16 17 18 19 20 21 22 23 24 25 26 27 |
---------------+----------------------------------------------------------------------------------+-----
Spellcasting   | 3 4 5 6 9 12 13 14 17 19 | 19.0
Conjurations   | 3 4 5 6 9 12 14 16 20 21 23 | 23.1
Hexes          | 3 4 5 6 9 12 13 14 17 19 | 19.0
Summonings     | 3 4 5 6 9 12 13 14 17 19 | 19.0
Necromancy     | 3 4 5 6 9 12 13 14 17 19 | 19.0
Translocations | 3 4 5 6 9 12 13 14 18 20 22 | 22.1
Transmutations | 3 4 5 6 9 12 13 14 17 19 | 19.0
Fire Magic     | 3 4 5 6 9 12 13 14 17 19 | 19.0
Ice Magic      | 3 4 5 6 9 12 13 14 17 19 | 19.0
Air Magic      | 3 4 5 6 9 12 13 14 17 19 | 19.0
Earth Magic    | 3 4 5 6 9 12 13 14 17 19 | 19.0
Poison Magic   | 3 4 5 6 9 12 13 14 17 19 | 19.0
Fighting       | 4 7 8 9 10 12 14 15 18 19 | 19.0
Dodging        | 5 8 9 10 11 14 16 18 | 18.0
Invocations    | 5 10 13 16 19 21 22 23 26 | 26.7
Evocations     | 2 9 |  9.0
Shapeshifting  | 4 |  4.1
Shields        | 8 14 17 | 17.0
Stealth        | |  1.5

Action                     |  1- 3 |  4- 6 |  7- 9 | 10-12 | 13-15 | 16-18 | 19-21 | 22-24 | 25-27 || total
---------------------------+-------+-------+-------+-------+-------+-------+-------+-------+-------++-------
  Melee: Dagger            |     7 |    12 |    41 |    54 |       |       |       |       |       ||   114
         Great sword       |       |       |       |   176 |    48 |       |       |       |       ||   224
         Punch             |       |       |       |     2 |     3 |       |       |       |       ||     5
         Staff             |       |       |       |       |    83 |    31 |       |     1 |    32 ||   147
   Fire: Orcbow            |       |       |     7 |     2 |       |       |       |       |       ||     9
   Cast: Magic Dart        |    62 |    42 |    39 |       |       |       |       |       |       ||   143
         Call Imp          |     2 |     3 |     7 |       |       |       |       |       |       ||    12
         Mephitic Cloud    |       |     6 |    11 |    41 |     3 |       |       |       |       ||    61
         Searing Ray       |       |     9 |    27 |    29 |       |       |       |       |       ||    65
         Slow              |       |     2 |     7 |    12 |       |       |       |       |       ||    21
         Ignite Poison     |       |       |     6 |    16 |     1 |       |       |       |       ||    23
         Dispel Undead     |       |       |     1 |       |       |       |       |       |       ||     1
         Fireball          |       |       |       |    71 |   227 |   154 |   169 |   226 |   201 ||  1048
         Blink             |       |       |       |     2 |     1 |     1 |     3 |     3 |     2 ||    12
         Arcjolt           |       |       |       |       |    39 |     7 |    22 |     4 |     5 ||    77
         Plasma Beam       |       |       |       |       |    92 |   191 |   276 |   280 |   317 ||  1156
         Ozocubu's Refrige |       |       |       |       |       |    31 |     2 |    13 |    16 ||    62
         Lehudib's Crystal |       |       |       |       |       |       |       |    32 |    73 ||   105
         Enfeeble          |       |       |       |       |       |       |       |       |     6 ||     6
         Dragon's Call     |       |       |       |       |       |       |       |       |     1 ||     1
 Invoke: Heal Other        |       |       |       |     2 |       |       |       |       |       ||     2
         Heal Self         |       |       |       |     1 |     4 |     3 |    10 |    10 |    11 ||    39
         Divine Vigour     |       |       |       |       |     1 |       |       |       |       ||     1
Ability: Begin Untransform |       |       |     1 |       |       |       |       |       |       ||     1
  Evoke: Box of beasts     |       |       |       |       |       |       |     1 |       |       ||     1
         Phantom mirror    |       |       |       |       |       |       |     1 |       |       ||     1
    Use: Scroll            |       |       |     6 |    19 |     5 |     3 |     4 |     4 |     4 ||    45
         Potion            |       |       |       |       |       |       |       |     2 |    14 ||    16
   Stab: Confused          |       |       |       |     5 |     1 |       |       |       |       ||     6
         Distracted        |       |       |       |       |     1 |     1 |       |       |       ||     2
 Armour: Robe              |    14 |    10 |    70 |   219 |    93 |       |       |       |       ||   406
         Troll leather arm |       |       |       |       |   102 |    79 |    76 |    77 |   132 ||   466
  Dodge: Dodged            |    11 |    10 |    59 |   341 |   231 |    88 |   105 |    63 |    75 ||   983
  Block: Kite shield       |       |       |       |       |       |       |       |    46 |   119 ||   165
         Reflection        |       |       |       |       |       |       |       |     6 |    10 ||    16
   Form: Maw               |       |       |     1 |       |       |       |       |       |       ||     1

Table legend: (Time is in decaauts)
 A = Elapsed time spent in this place.
 B = Non-inter-level travel time spent in this place.
 C = Inter-level travel time spent in this place.
 D = Time resting spent in this place.
 E = Time spent auto-exploring this place.
 F = Levels seen in this place.
 G = Mean time per level.
                   A        B        C        D        E       F      G
               +--------+--------+--------+--------+--------+-----+--------+
         Total |  55823 |  52217 |   3606 |  12068 |  30048 |  51 | 1094.6 |
       Dungeon |  17759 |  16403 |   1356 |   3432 |  10169 |  15 | 1183.9 |
        Temple |     14 |     11 |      3 |      0 |      0 |   1 |   14.0 |
          Lair |   8249 |   7904 |    345 |   3155 |   3415 |   5 | 1649.8 |
         Swamp |   3614 |   3330 |    284 |    462 |   2213 |   4 |  903.5 |
     Snake Pit |   2826 |   2636 |    190 |    385 |   1844 |   4 |  706.5 |
  Orcish Mines |   1264 |   1177 |     87 |    168 |    622 |   2 |  632.0 |
   Elven Halls |   3748 |   3622 |    126 |    602 |   2285 |   3 | 1249.3 |
        Vaults |   7869 |   7340 |    529 |   1301 |   4649 |   5 | 1573.8 |
        Depths |   4020 |   3714 |    306 |    970 |   2069 |   4 | 1005.0 |
           Zot |   4893 |   4517 |    376 |   1212 |   2279 |   5 |  978.6 |
      Ice Cave |    592 |    592 |      0 |    189 |    203 |   1 |  592.0 |
    Desolation |    849 |    849 |      0 |    191 |    300 |   1 |  849.0 |
      Gauntlet |    120 |    120 |      0 |      0 |      0 |   1 |  120.0 |
               +--------+--------+--------+--------+--------+-----+--------+

Top non-repeatable levels by time:
Vaults:5: 2339 daAuts
     D:6: 2032 daAuts
  Lair:3: 2027 daAuts
  Lair:5: 1842 daAuts
     D:7: 1694 daAuts
    D:11: 1629 daAuts
  Lair:1: 1601 daAuts
Vaults:2: 1595 daAuts
  Lair:2: 1560 daAuts
   Elf:3: 1541 daAuts
Vaults:1: 1504 daAuts
   Elf:1: 1388 daAuts
 Swamp:1: 1338 daAuts
   Zot:5: 1333 daAuts
     D:5: 1270 daAuts

Levels and vault maps discovered:
D:1:      minmay_arrival_five_plusses, layout_basic, basic_ecumenical_altar
D:2:      layout_basic
D:3:      layout_loops_ring, mainiacjoe_overflow_cross_hatched, uniq_ijyb
D:4:      layout_rooms, nicolae_eternal_life, minmay_quantized, uniq_robin
D:5:      layout_loops_corners, grunt_dithmenos_shadows
D:6:      layout_loops_cross, mainiacjoe_overflow_alcove_3,
          mainiacjoe_overflow_small_starburst, minmay_temple_entry_fiery,
          uniq_sigmund, uniq_grinder, uniq_jeremiah, uniq_prince_ribbit1,
          uniq_crazy_yiuf_cottage
D:7:      layout_cave_pools, palyth_stone_intersect
D:8:      layout_cave_pools, grunt_temple_overflow_lords_of_destruction
D:9:      layout_roguey, hellmonk_lair_entry_icy, grunt_livestock
D:10:     nicolae_hitomezashi [nicolae_hito_row, nicolae_hito_row,
          nicolae_hito_row, nicolae_hito_row, nicolae_hito_row,
          nicolae_hito_row, nicolae_hito_row, nicolae_hito_row,
          nicolae_hito_row, nicolae_hito_row, nicolae_hito_row,
          nicolae_hito_row, nicolae_hito_row, nicolae_hito_row,
          nicolae_hito_row, nicolae_hito_row, nicolae_hito_row,
          nicolae_hito_row], layout_basic, mainiacjoe_overflow_surrounded_room,
          amethyst_overflow_temple_binary, serial_undead, serial_undead_e,
          serial_undead_e, serial_undead_e, serial_undead_d,
          kennysheep_generic_room_13
D:11:     fort_yaktaur, layout_basic, minmay_orc_entry_temple_small,
          serial_shops, nicolae_shop_peninsula, uniq_erolcha
D:12:     layout_basic, serial_aquarium, aquarium_bridge_straight
          [aquarium_subvault_bridge, aquarium_subvault_wall,
          aquarium_subvault_bridge, aquarium_subvault_wall],
          aquarium_bridge_island_small [aquarium_subvault_small_open,
          aquarium_subvault_balcony, aquarium_subvault_bridge,
          aquarium_subvault_bridge, aquarium_subvault_balcony],
          aquarium_window_fake, aquarium_window_fake, aquarium_view_2b,
          aquarium_balcony_3a, minmay_misc_feat_room, minivault_14,
          nicolae_yredelemnul_corpse_copse
D:13:     layout_stronghold, grunt_vaults_entry_tiered, nicolae_elemental_shop
D:14:     layout_basic, old_standard_altar, st_stairs_11, trog_butcher_becter
D:15:     gammafunk_enter_depths_forms, layout_grid_maze,
          hangedman_decor_growths, serial_bayou_lagoon_a,
          kennysheep_slug_shrine, uniq_jorgrun
Temple:   nicolae_temple_ecumenical_triangle
Lair:1:   layout_chaotic_city, gauntlet_entry_generic
Lair:2:   layout_chaotic_city, guppyfry_snake_entry_island, basic_altar,
          hibernation_bobbens, serial_bayou_shore_b, grunt_megastairs_1
Lair:3:   layout_roguey, swamp_mist, minmay_lair_oklob_items, fungi_pond_lemuel,
          dreamdust_gnoll_shepherd
Lair:4:   layout_hall_layers, slime_entry_1, nicolae_quartered_pool_medium
Lair:5:   hangedman_lair_in_review, layout_cave_shapes,
          gammafunk_ghost_wrathful_warriors
Swamp:1:  bobbens_index_wilting_gardens, layout_basic_swamp,
          gammafunk_ghost_grave, basic_altar, swamp_pool_1_2, st_swamp_ruins_3,
          uniq_nikola
Swamp:2:  layout_falls_marsh, evilmike_swamp_ruin_house_1, swamp_pool_4,
          nicolae_swamp_nymph_family_reunion, infiniplex_staircase_pool
Swamp:3:  layout_basic_swamp, evilmike_swamp_ruin_house_3
Swamp:4:  swamp_old_school, layout_basic_swamp, uniq_roxanne
Snake:1:  layout_concentric_octagons, grunt_megastairs_4, uniq_aizul
Snake:2:  layout_basic, nicolae_snake_linked_coils
Snake:3:  layout_rooms
Snake:4:  hellmonk_snake_rune_quicksilver_temple, layout_cave_town, basic_altar
Orc:1:    layout_caves, ebering_ghost_rock_garden, uniq_fannar
Orc:2:    st_orc_rangers, layout_caves, serial_shops, shop, special_room
Elf:1:    layout_onion_city, portal_ice_cave_entry_pillars_1, serial_shops,
          nicolae_shop_window_shopping, evilmike_minifort, minmay_shop_star
Elf:2:    elven_hall_of_blades_hangedman_original
          [nicolae_vaults_blade_armed_guards], layout_loops_cross,
          nicolae_elf_w_pinch
Elf:3:    elf_hall_gauntlet_wide, layout_geoelf_octagon, serial_shops,
          nicolae_shop_industrial_runoff, uniq_asterion, uniq_louise
Vaults:1: portal_desolation_entry_holy_temple, ontoclasm_vaults_gateway,
          nicolae_vaults_trapezoid_lopsided_1, nicolae_vaults_circle_grid_a,
          vaults_room_door_ring, nicolae_vaults_stairing_the_circle,
          nicolae_vaults_storage_room_glass, nicolae_vaults_big_angled_halls,
          v_alt_pattern_6, ontoclasm_vaults_pinch, nicolae_vaults_statue_guard,
          nicolae_vaults_what_the_h, nicolae_vaults_sightless_eye, v_misc_23,
          ontoclasm_vaults_idyll, ontoclasm_vaults_ligature,
          vaults_mumra_hexcomb, layout_vaults_ring, serial_shops,
          nicolae_shop_trees
Vaults:2: v_rooms_3, nicolae_vaults_little_squares_3,
          nicolae_vaults_closet_pinwheel_3, grunt_vaults_hallway_long,
          v_pattern_3, nicolae_vaults_more_shelving_1, v_misc_28,
          v_alt_pattern_5, nicolae_vaults_apartment_2,
          minmay_crypt_entry_simple_sparse, nicolae_vaults_surprise_closet_hard,
          layout_vaults_omnicross
Vaults:3: v_rooms_1, nicolae_whirlpool, nicolae_vaults_alarming,
          nicolae_vaults_ellipses_ellipsis,
          nicolae_vaults_doubleplus_tesselated, v_alt_pattern_3,
          hangedman_vaults_stagger, nicolae_vaults_ring_of_whatevers,
          nicolae_vaults_yaktaur_gun_rack, layout_vaults_maze_bifur
Vaults:4: nicolae_vaults_oval_intersection, vaults_room_octagon,
          nicolae_vaults_stepped_doors, nicolae_vaults_variable_pillar_hall,
          nicolae_vaults_double_plus_1, nicolae_vaults_apartment_1,
          nicolae_vaults_diamond_1, layout_vaults_omnigrid
Vaults:5: uniq_jory
Depths:1: layout_basic, pf_dread_powers_of_hell, kennysheep_doodads,
          lemuel_flames_and_gold
Depths:2: minmay_bloctagon_deflated, layout_cave_pools, hell_entry,
          serial_shops, shop, abyss_entry, pan_entry, fedhas_altar_1, uniq_grunn
Depths:3: evilmike_diamond_2, layout_cave_pools, enter_ziggurat_c,
          chequers_serial_rivers_micro_c, abyss_entry, hangedman_coc_ice_floe,
          serial_bayou_shore_b, serial_bayou_shore_b, uniq_boris,
          uniq_saint_roka
Depths:4: grunt_zot_entry_pinwheel, layout_cave_pools, hell_entry, minivault_16
Zot:1:    layout_concentric_octagons, regret_index_zotdec_zees
Zot:2:    layout_misc_corridors, lemuel_flame_loot_1
Zot:3:    layout_basic, skrybe_zot_glass_1
Zot:4:    layout_basic, grunt_megastairs_2
Zot:5:    layout_misc_corridors, gammafunk_ghost_ooze, nicolae_lava_and_water,
          nicolae_tricolors

Table legend: (Time is in decaauts)
 A = Elapsed time spent in this place.
 B = Non-inter-level travel time spent in this place.
 C = Inter-level travel time spent in this place.
 D = Time resting spent in this place.
 E = Time spent auto-exploring this place.
 F = Levels seen in this place.
 G = Mean time per level.
                   A        B        C        D        E       F      G
               +--------+--------+--------+--------+--------+-----+--------+
         Total |  55823 |  52217 |   3606 |  12068 |  30048 |  51 | 1094.6 |
       Dungeon |  17759 |  16403 |   1356 |   3432 |  10169 |  15 | 1183.9 |
        Temple |     14 |     11 |      3 |      0 |      0 |   1 |   14.0 |
          Lair |   8249 |   7904 |    345 |   3155 |   3415 |   5 | 1649.8 |
         Swamp |   3614 |   3330 |    284 |    462 |   2213 |   4 |  903.5 |
     Snake Pit |   2826 |   2636 |    190 |    385 |   1844 |   4 |  706.5 |
  Orcish Mines |   1264 |   1177 |     87 |    168 |    622 |   2 |  632.0 |
   Elven Halls |   3748 |   3622 |    126 |    602 |   2285 |   3 | 1249.3 |
        Vaults |   7869 |   7340 |    529 |   1301 |   4649 |   5 | 1573.8 |
        Depths |   4020 |   3714 |    306 |    970 |   2069 |   4 | 1005.0 |
           Zot |   4893 |   4517 |    376 |   1212 |   2279 |   5 |  978.6 |
      Ice Cave |    592 |    592 |      0 |    189 |    203 |   1 |  592.0 |
    Desolation |    849 |    849 |      0 |    191 |    300 |   1 |  849.0 |
      Gauntlet |    120 |    120 |      0 |      0 |      0 |   1 |  120.0 |
               +--------+--------+--------+--------+--------+-----+--------+

Top non-repeatable levels by time:
Vaults:5: 2339 daAuts
     D:6: 2032 daAuts
  Lair:3: 2027 daAuts
  Lair:5: 1842 daAuts
     D:7: 1694 daAuts
    D:11: 1629 daAuts
  Lair:1: 1601 daAuts
Vaults:2: 1595 daAuts
  Lair:2: 1560 daAuts
   Elf:3: 1541 daAuts
Vaults:1: 1504 daAuts
   Elf:1: 1388 daAuts
 Swamp:1: 1338 daAuts
   Zot:5: 1333 daAuts
     D:5: 1270 daAuts

Table legend:
 A = Kills in this place as a percentage of kills in the entire game.
 B = Kills by you in this place as a percentage of kills by you in the entire game.
 C = Kills by friends in this place as a percentage of kills by friends in the entire game.
 D = Other kills in this place as a percentage of other kills in the entire game.
 E = Experience gained in this place as a percentage of experience gained in the entire game.
 F = Experience gained in this place divided by the number of levels of this place that you have seen.
                   A       B       C       D       E      F
               +-------+-------+-------+-------+-------+----------------------
         Total | 100.0 | 100.0 | 100.0 | 100.0 | 100.0 | 24797.4
       Dungeon |  22.3 |  21.6 |  93.3 |  71.4 |   7.1 | 6008.6
          Lair |   8.1 |   8.2 |   0.0 |   0.0 |   4.5 | 11487.8
         Swamp |   9.1 |   9.1 |   0.0 |  28.6 |   8.9 | 28290.8
     Snake Pit |   6.0 |   6.1 |   0.0 |   0.0 |   5.3 | 16683.8
  Orcish Mines |   4.3 |   4.4 |   0.0 |   0.0 |   0.9 | 5686.0
   Elven Halls |   7.6 |   7.7 |   0.0 |   0.0 |   8.6 | 36375.0
        Vaults |  19.2 |  19.4 |   0.0 |   0.0 |  25.0 | 63244.0
        Depths |  10.1 |  10.2 |   0.0 |   0.0 |  15.3 | 48485.8
           Zot |   7.7 |   7.8 |   0.0 |   0.0 |  19.8 | 50135.8
      Ice Cave |   1.3 |   1.3 |   0.0 |   0.0 |   1.0 | 12116.0
    Desolation |   4.2 |   4.2 |   6.7 |   0.0 |   3.5 | 43747.0
               +-------+-------+-------+-------+-------+----------------------
